Map: Rainfall LE

Players

Botania - Winner!

  • Race: Terran Terran

VOD

Have the link to the VOD?

Description

Time

  • Played on: Sept. 17, 2026, 12:30 p.m.
  • Length: 25:46
Show
View Real Time Build Order
Export as new Build Order

Botania Terran - Winner!

Build Orders:  

Get SALT Encoding   

  8  0:04  SCV  
  9  0:21  SCV  
  10  0:38  SCV  
  11  0:49  Supply Depot  
  11  0:55  SCV  
  12  1:12  SCV  
  13  1:26  Barracks  
  13  1:31  SCV  
  14  1:52  SCV  
  15  2:08  SCV  
  16  2:13  Supply Depot  
  16  2:25  SCV  
  17  2:45  Orbital Command  
  17  2:46  Supply Depot  
  17  2:50  Marine  
  18  3:03  Refinery  
  18  3:15  Marine  
  19  3:24  SCV  
  20  3:33  Refinery  
  20  3:40  Marine  
  20  3:41  SCV  
  22  3:51  Barracks  
  22  3:58  SCV  
  23  4:05  Marine  
  24  4:15  SCV  
  25  4:21  Engineering Bay  
  25  4:30  Marine  
  25  4:32  SCV  
  27  4:49  SCV  
  28  4:55  Marine  
  28  4:59  Factory  
  29  5:21  Barracks Tech Lab  
  29  5:31  SCV  
  30  5:45  Command Center  
  30  5:51  Unknown  
  30  5:52  Marine  
  31  6:00  Factory Tech Lab  
  31  6:07  Missile Turret  
  31  6:09  Terran Infantry Weapons Level 1  
  31  6:13  SCV  
  31  6:17  Marine  
  33  6:27  Barracks Tech Lab  
  33  6:30  SCV  
  34  6:47  SCV, Missile Turret  
  35  6:52  Supply Depot  
  35  7:03  Concussive Shells  
  35  7:04  Marauder  
  37  7:11  Stimpack  
  37  7:23  Supply Depot  
  37  7:28  Armory  
  32  7:50  Marine  
  32  7:51  Marine  
  32  8:03  Siege Tank  
  32  8:15  Marine  
  32  8:16  Marine  
  33  8:30  SCV  
  33  8:37  Supply Depot  
  33  8:40  Marine  
  33  8:41  Marine  
  33  8:47  SCV  
  32  9:05  Marine  
  32  9:06  Marine  
  34  9:13  Siege Tank  
  37  9:30  Marine  
  37  9:31  Marine  
  37  9:32  SCV  
  40  9:43  Bunker  
  40  9:48  Bunker  
  40  9:49  SCV  
  41  9:55  Marauder, Marine  
  41  9:58  Siege Tank  
  47  10:04  Orbital Command  
  47  10:06  SCV  
  47  10:09  Barracks  
  48  10:13  Refinery  
  48  10:20  Marine  
  48  10:23  Terran Infantry Armor Level 1  
  48  10:25  Marauder  
  48  10:26  Supply Depot  
  51  10:30  SCV  
  52  10:45  Marauder  
  52  10:47  SCV  
  52  10:48  SCV  
  52  10:49  Refinery  
  56  10:55  Marine  
  56  10:59  Siege Tank  
  57  11:00  Siege Tank  
  57  11:01  Sensor Tower  
  57  11:04  SCV  
  57  11:05  SCV  
  59  11:17  Barracks Reactor  
  59  11:21  SCV  
  59  11:22  SCV  
  59  11:24  Marine x2  
  63  11:39  Factory, SCV  
  64  11:49  Marine x2  
  66  12:06  Supply Depot  
  66  12:36  SCV, Marine, Marauder  
  66  12:38  Supply Depot  
  70  12:53  SCV  
  70  12:57  Factory Tech Lab  
  71  13:05  Command Center  
  71  13:06  Siege Tank  
  71  13:07  Unknown  
  65  13:13  Unknown  
  65  13:19  Marine  
  60  13:20  Marauder x2, Marine  
  60  13:22  Siege Tank  
  58  13:44  Marine  
  58  13:45  Marine  
  58  13:50  Marauder  
  58  13:59  Marine  
  61  14:07  Siege Tank  
  61  14:09  Siege Tank, Marine  
  65  14:10  Marine  
  65  14:19  Marauder  
  66  14:24  Marauder  
  66  14:28  SCV  
  71  14:34  Marine  
  71  14:35  Marine  
  73  14:41  Widow Mine  
  73  14:45  SCV  
  73  14:49  Marauder  
  76  14:54  Marauder  
  76  14:59  Marine  
  91  15:00  Marine  
  81  15:01  Unknown  
  81  15:02  SCV  
  83  15:19  SCV  
  84  15:21  Unknown, Hellion  
  84  15:24  Marine x2  
  84  15:25  SCV  
  89  15:33  Factory Reactor  
  89  15:36  SCV  
  89  15:38  Marine  
  89  15:39  Marine  
  92  15:40  Siege Tank  
  92  15:42  SCV  
  92  15:46  Missile Turret  
  92  15:47  Siege Tank  
  92  15:49  Marine x2  
  95  16:08  Marine  
  95  16:18  Marine, Barracks  
  95  16:22  Supply Depot  
  95  16:34  Unknown  
  95  16:52  Supply Depot, SCV, Marine x3, Hellbat  
  95  16:53  Unknown, Supply Depot  
  95  16:54  Supply Depot  
  95  16:56  Supply Depot x2  
  103  17:22  SCV, Hellbat  
  103  17:25  Orbital Command  
  103  17:28  Hellbat  
  106  17:31  Marine  
  106  17:32  Marine x3  
  106  17:34  Barracks Reactor  
  106  17:39  SCV  
  111  17:40  Missile Turret  
  111  17:56  SCV, Marine x2  
  111  17:57  Marauder x2  
  118  18:12  SCV  
  118  18:17  Missile Turret  
  119  18:25  Marine x2  
  121  18:31  Siege Tank  
  121  18:40  Starport  
  121  18:41  Starport  
  121  19:03  Missile Turret  
  121  19:34  Siege Tank  
  124  19:42  Refinery  
  124  19:45  Refinery  
  124  19:46  Hellbat x2  
  128  19:53  Supply Depot  
  128  19:55  Terran Infantry Weapons Level 2  
  128  20:02  Siege Tank  
  128  20:04  Engineering Bay  
  128  20:07  Drilling Claws  
  128  20:08  Siege Tank  
  128  20:19  Siege Tank  
  131  20:21  Starport Tech Lab, Starport Reactor  
  131  20:25  Supply Depot  
  131  20:28  Terran Vehicle Weapons Level 1  
  131  20:29  Missile Turret  
  131  20:35  Refinery  
  131  20:53  Sensor Tower  
  131  20:59  Raven  
  133  21:11  Refinery  
  133  21:15  Medivac x2  
  137  21:37  Missile Turret  
  137  21:57  Medivac x2  
  137  21:58  Thor  
  147  22:58  Thor  
  153  23:07  Unknown  
  153  23:29  Command Center  
  153  23:41  Supply Depot  
  153  24:12  Supply Depot  
  153  24:19  Orbital Command  
  149  25:26  Unknown  
Tags
 
Add a new tag
Caveats
  • Supply blocks, unpowered buildings, or Contaminate may cause inaccurate times.
  • Supply counts are checked every 10 seconds.